 Dungeon Crawl Stone Soup version 0.13-a0-1804-g486adc7 (webtiles) character file.

9925 magnusvenator the Basher (level 11, -2/93 HPs)
             Began as a Hill Orc Fighter on June 24, 2013.
             Was an Elder of Okawaru.
             Slain by Jolly's ghost (7 damage)
             ... on Level 1 of the Orcish Mines.
             The game lasted 02:11:42 (12221 turns).

magnusvenator the Basher (Hill Orc Fighter)        Turns: 12221, Time: 02:11:42

HP  -2/93        AC 30     Str 27      XL: 11   Next: 33%
MP  15/15        EV  7     Int 11      God: Okawaru [****..]
Gold 1329        SH  0     Dex 11      Spells:  0 memorised, 10 levels left

Res.Fire  : . . .   See Invis. : .   f - +2,+1 great mace (protect)
Res.Cold  : . . .   Warding    : .   p - +2 orc plate armour
Life Prot.: . . .   Conserve   : .   (no shield)
Res.Poison: +       Res.Corr.  : .   g - +0 helmet
Res.Elec. : .       Clarity    : .   (no cloak)
Sust.Abil.: . .     Spirit.Shd : .   V - +0 pair of gloves
Res.Mut.  : .       Stasis     : .   F - +1 pair of boots {Fly}
Res.Rott. : .       Flight     : .   (no amulet)
Saprovore : + . .                    O - +3 ring of intelligence
                                     h - ring of poison resistance

@: mighty, heroism, somewhat resistant to hostile enchantments, extremely
unstealthy
A: saprovore 1
a: Heroism, Renounce Religion, Evoke Flight


You were on level 1 of the Orcish Mines.
You worshipped Okawaru.
Okawaru was extremely pleased with you.
You were not hungry.

You visited 3 branches of the dungeon, and saw 11 of its levels.
You also visited: Bailey.

You collected 1340 gold pieces.
You spent 31 gold pieces at shops.

Inventory:

Hand weapons
 f - a +2,+1 great mace of protection (weapon)
 v - a +1 blowgun
 C - a +0,+0 orcish spear
 E - a +0,+0 orcish spear
 I - a -1,+3 orcish hand axe
 M - a +1,+0 great mace of protection
 R - a +0,+1 orcish spear
 T - a +0,+1 orcish spear
 X - a +1,+2 hand axe of returning (quivered)
 Y - a +0,+1 orcish spear
 Z - a +0,+2 hand axe of returning
Missiles
 e - 55 darts
 m - 6 steel darts
 n - 8 needles of sleeping
 s - 29 poisoned needles
Armour
 c - a +0 orcish shield
 g - a +0 helmet (worn)
 p - a +2 orcish plate armour (worn)
 z - a +0 steam dragon hide
 F - a +1 pair of boots of flying (worn)
 V - a +0 pair of gloves (worn)
Magical devices
 a - a wand of confusion (12) {unknown}
 j - a wand of digging (7)
 t - a wand of lightning (0)
 x - a wand of paralysis (6)
 y - a wand of frost (7)
Comestibles
 d - 3 meat rations
 q - 5 bread rations
 A - 12 strawberries
 G - an apple
 K - 2 chokos
Scrolls
 i - 2 scrolls of curse armour {unknown}
 k - a scroll of amnesia
 u - a scroll of fear
 B - 2 scrolls of enchant weapon II
 D - 3 scrolls of fog
 H - 3 scrolls of identify
 P - a scroll of blinking {unknown}
Jewellery
 h - a ring of poison resistance (left hand)
 O - a +3 ring of intelligence (right hand)
Potions
 b - a potion of resistance
 o - 2 potions of invisibility
 L - a potion of curing
 U - a potion of beneficial mutation {unknown}
Books
 r - a book of Changes

   Spells                             Type                      Level
   Beastly Appendage                  Transmutation                1
   Sticks to Snakes                   Transmutation                2
   Spider Form                        Transmutation/Poison         3
   Ice Form                           Ice/Transmutation            4
   Blade Hands                        Transmutation                5
 N - the Catalogue of Cloudy Boosts
   (You found it on level 8 of the Dungeon)

   Spells                             Type                      Level
   Swiftness                          Charms/Air                   2
   Lethal Infusion                    Charms/Necromancy            2
   Flight                             Charms/Air                   3
   Conjure Ball Lightning             Conjuration/Air              7
Miscellaneous
 w - a crystal ball of energy
 J - a lantern of shadows


   Skills:
 + Level 8.9(13.9) Fighting
 + Level 7.5(12.5) Axes
 + Level 9.4(14.4) Maces & Flails
 - Level 0.2(5.2) Throwing
 + Level 9.4(14.4) Armour
   Level 9.2(14.2) Shields
 + Level 1.7(6.7) Traps
 * Level 7.5(12.5) Unarmed Combat
 + Level 0.6 Invocations
 + Level 2.9 Evocations


You had 10 spell levels left.
You didn't know any spells.

Dungeon Overview and Level Annotations

Branches:
Dungeon (9/27)             Temple (1/1) D:6             Orc (1/4) D:9
   Lair: D:8-13

Altars:
Ashenzari
Cheibriados
Elyvilon
Fedhas
Kikubaaqudgha
Makhleb
Nemelex Xobeh
Okawaru
Sif Muna
Trog
Vehumet
Yredelemnul
the Shining One

Shops:
D:4: + D:7: [ D:9: [+( Orc:1: +

Annotations
D:6 Prince Ribbit
Orc:1 Jolly's ghost, powerful MiBe


Innate Abilities, Weirdness & Mutations

You can tolerate rotten meat.


Message History

Jolly's ghost is moderately damaged.
Jolly's ghost hits you. Jolly's ghost freezes you.
You bludgeon Jolly's ghost!!
Jolly's ghost is heavily damaged.
Jolly's ghost hits you but does no damage.
You hit Jolly's ghost.
Jolly's ghost is heavily damaged.
Jolly's ghost hits you! Jolly's ghost freezes you!
* * * LOW HITPOINT WARNING * * *
You bludgeon Jolly's ghost!!
Jolly's ghost is severely damaged.
Jolly's ghost hits you!
* * * LOW HITPOINT WARNING * * *
Jolly's ghost freezes you.
* * * LOW HITPOINT WARNING * * *
Drink which item? (? for menu, Esc to quit)
You feel better. Jolly's ghost hits you!
* * * LOW HITPOINT WARNING * * *
Jolly's ghost freezes you!
You die...

...# ##.#......
..........# ...#.$.....#
............#
#.$.........#
#..........### .
..........p...#...
.........>@........
...................
#...................
##.....)...............
##.........##..#........
##.................$...
##...........#.........
#......................
###
##......#)#...#.......$


You could see Jolly's ghost.

Vanquished Creatures
  Gastronok (D:8)
  Pikel (D:8)
  An orc knight (Bailey)
  Grinder (D:6)
  3 hippogriffs
  Eustachio (D:6)
  3 sharks (D:8)
  A steam dragon (D:8)
  2 iguanas
  A manticore (D:8)
  3 ice beasts
  A manticore zombie (D:5)
  5 orc warriors
  2 phantoms
  A wyvern skeleton (D:8)
  2 sky beasts
  A slave (D:8)
  A giant goldfish (D:8)
  2 centaurs
  2 yellow wasps
  4 ogres
  Sigmund (D:3)
  A crocodile (D:9)
  4 giant frogs
  A gnoll sergeant (D:6)
  A water moccasin (D:7)
  A giant frog skeleton (D:8)
  An eye of draining (D:9)
  16 killer bees
  4 hounds
  A goliath beetle (D:8)
  6 crimson imps
  A hound zombie (D:6)
  A big fish (D:8)
  5 orc priests
  A gnoll shaman (D:7)
  2 worker ant zombies
  An iron imp (D:6)
  18 orc wizards
  2 scorpions
  3 worker ants
  Jessica (D:2)
  3 jellies
  9 gnolls
  14 adders
  A giant centipede (D:9)
  A shadow imp (D:6)
  2 worms
  4 grey rats
  A bat zombie (D:7)
  A giant eyeball (D:5)
  7 giant geckos
  An ooze (D:5)
  45 orcs
  9 giant cockroaches
  12 goblins
  19 hobgoblins
  9 jackals
  23 kobolds
  3 quokkas
  22 bats
  4 giant newts
  A hobgoblin skeleton (D:6)
  A hobgoblin zombie (D:5)
  An orc zombie (D:4)
  22 rats
  A rat zombie (D:6)
  3 ballistomycetes (D:7)
330 creatures vanquished.

Vanquished Creatures (others)
  3 slaves (D:8)
  A gnoll (D:6)
  An adder (D:8)
  A worm (D:8)
  2 orcs
  A bat (D:8)
  A giant spore (D:7)
  2 kobolds (D:8)
  A rat (D:1)
  A butterfly (D:4)
  A plant (D:8)
15 creatures vanquished.

Grand Total: 345 creatures vanquished

Notes
Turn   | Place    | Note
--------------------------------------------------------------
     0 | D:1      | magnusvenator, the Hill Orc Fighter, began the quest for the Orb.
     0 | D:1      | Reached XP level 1. HP: 19/19 MP: 0/0
   183 | D:1      | Reached XP level 2. HP: 26/26 MP: 1/1
   344 | D:1      | Reached skill level 1 in Unarmed Combat
   514 | D:1      | Reached XP level 3. HP: 33/33 MP: 2/2
   930 | D:2      | Reached skill level 4 in Fighting
  1212 | D:2      | Found a basalt altar of Yredelemnul.
  1213 | D:2      | Noticed a profane servitor
  1217 | D:2      | Found a glowing golden altar of the Shining One.
  1218 | D:2      | Noticed an angel
  1256 | D:2      | Noticed Jessica
  1265 | D:2      | Killed Jessica
  1265 | D:2      | Reached XP level 4. HP: 40/40 MP: 3/3
  1750 | D:3      | Reached XP level 5. HP: 42/46 MP: 4/4
  1985 | D:3      | Noticed Sigmund
  2014 | D:3      | Killed Sigmund
  2148 | D:3      | Reached XP level 6. HP: 53/53 MP: 5/5
  2681 | D:4      | Found a blossoming altar of Fedhas.
  2816 | D:4      | Reached skill level 5 in Armour
  2982 | D:4      | Reached skill level 5 in Shields
  3078 | D:4      | Found Shept's Book Shop.
  3126 | D:4      | Reached XP level 7. HP: 15/60 MP: 6/6
  3251 | D:4      | Reached skill level 5 in Axes
  3429 | D:5      | Entered Level 5 of the Dungeon
  3436 | D:5      | Paralysed by a giant eyeball for 3 turns
  3540 | D:5      | Paralysed by a giant eyeball for 2 turns
  3544 | D:5      | Paralysed by a giant eyeball for 2 turns
  3591 | D:5      | Reached skill level 5 in Fighting
  4410 | D:5      | Reached skill level 6 in Shields
  4410 | D:5      | Reached XP level 8. HP: 58/68 MP: 7/7
  4508 | D:5      | Reached skill level 1 in Maces & Flails
  4899 | D:6      | Noticed Grinder
  4902 | D:6      | Paralysed by Grinder for 4 turns
  4921 | D:6      | Paralysed by Grinder for 4 turns
  4928 | D:6      | Paralysed by Grinder for 4 turns
  4934 | D:6      | Killed Grinder
  5171 | D:6      | Noticed Eustachio
  5585 | D:6      | Killed Eustachio
  6018 | D:6      | Reached skill level 7 in Shields
  6018 | D:6      | Reached XP level 9. HP: 71/74 MP: 9/9
  6110 | D:6      | Reached skill level 1 in Traps
  6386 | D:6      | Found a staircase to the Ecumenical Temple.
  6402 | Temple   | Entered the Ecumenical Temple
  6431 | Temple   | Became a worshipper of Warmaster Okawaru
  6635 | D:7      | Noticed Prince Ribbit
  6917 | D:7      | Reached skill level 5 in Maces & Flails
  6922 | D:7      | Found Ydasaj's Antique Armour Shop.
  6938 | D:7      | Bought a pair of embroidered boots for 31 gold pieces
  7063 | D:7      | Acquired Okawaru's first power
  7323 | D:7      | Reached skill level 8 in Shields
  7616 | D:7      | Noticed a hill giant
  7884 | D:7      | Reached XP level 10. HP: 57/83 MP: 10/10
  8183 | D:8      | Reached skill level 1 in Evocations
  8590 | D:8      | Noticed Pikel
  8649 | D:8      | Killed Pikel
  8649 | D:8      | Reached skill level 9 in Shields
  8862 | D:8      | Paralysed by a potion of paralysis for 5 turns
  8968 | D:8      | Reached skill level 5 in Unarmed Combat
  9012 | D:8      | Found a bloodstained altar of Trog.
  9112 | D:8      | Found a snail-covered altar of Cheibriados.
  9155 | D:8      | Identified the Catalogue of Cloudy Boosts
  9310 | D:8      | Noticed Gastronok
  9370 | D:8      | Killed Gastronok
  9370 | D:8      | Reached XP level 11. HP: 57/92 MP: 15/15
 10780 | D:9      | Found Iceaskia's Weapon Shoppe.
 10965 | D:9      | Found Kacapus' Book Boutique.
 10995 | D:9      | Found Atem's Armour Shoppe.
 11046 | D:9      | Found a flagged portal.
 11086 | Bailey   | Entered a bailey
 11159 | Bailey   | Noticed an orc knight
 11199 | Bailey   | Killed an orc knight
 11244 | Bailey   | Found a burning altar of Makhleb.
 11553 | D:9      | Found a staircase to the Orcish Mines.
 11659 | Orc:1    | Entered Level 1 of the Orcish Mines
 11730 | Orc:1    | Found Greeleite's Book Shoppe.
 11889 | Orc:1    | Noticed Jolly's ghost (powerful MiBe)
 12221 | Orc:1    | Slain by Jolly's ghost

Action                   |  1- 3 |  4- 6 |  7- 9 | 10-12 || total
-------------------------+-------+-------+-------+-------++-------
Melee: Hand axe          |   109 |   263 |   104 |       ||   476
       Flail             |       |       |   356 |       ||   356
       War axe           |       |       |   165 |   138 ||   303
       Great mace        |       |       |       |   358 ||   358
 Fire: Blowgun           |       |       |       |    26 ||    26
Throw: Dart              |    15 |    15 |    78 |    55 ||   163
       Spear             |       |     9 |    53 |    39 ||   101
       Hand axe          |       |       |       |     9 ||     9
Invok: Heroism           |       |       |       |     6 ||     6
 Abil: Stop Flying       |       |       |       |     1 ||     1
       Evoke Flight      |       |       |       |     1 ||     1
Evoke: Wand              |       |     3 |     6 |    21 ||    30
  Use: Scroll            |     4 |     7 |     9 |     6 ||    26
       Potion            |       |       |     5 |     7 ||    12
 Stab: Paralysed         |       |     1 |     9 |     8 ||    18
